 Dungeon Crawl Stone Soup version 0.23-a0-484-g29ba69c (webtiles) character file.

8075 emperorscorpion the Thaumaturge (level 11, -30/60 HPs)
             Began as a Deep Elf Conjurer on Nov 30, 2018.
             Was a Priest of Vehumet.
             Killed from afar by a deep elf knight (38 damage)
             ... with a shard of ice
             ... on level 10 of the Dungeon.
             The game lasted 00:24:24 (13114 turns).

emperorscorpion the Thaumaturge (DECj)             Turns: 13114, Time: 00:24:25

Health: -30/60     AC:  6    Str:  5    XL:     11   Next: 5%
Magic:  20/29      EV: 13    Int: 23    God:    Vehumet [***...]
Gold:   156        SH:  0    Dex: 16    Spells: 26/34 levels left

rFire    . . .     SeeInvis .   a - +1 arbalest (flame)
rCold    . . .     Gourm    .   (shield currently unavailable)
rNeg     + . .     Faith    .   y - +2 leather armour {rN+}
rPois    .         Spirit   .   (helmet restricted)
rElec    .         Reflect  .   t - scarf {repulsion}
rCorr    .         Harm     .   s - +0 pair of gloves (curse)
MR       ++...                  (no boots)
Stlth    +++.......             (no amulet)
HPRegen  0.20/turn              A - ring of protection from magic
MPRegen  0.21/turn              (no ring)

@: repel missiles
A: horns 1, sense surroundings 1
a: Renounce Religion


You were on level 10 of the Dungeon.
You worshipped Vehumet.
Vehumet was most pleased with you.
You were not hungry.

You visited 1 branch of the dungeon, and saw 10 of its levels.

You collected 487 gold pieces.
You spent 331 gold pieces at shops.

Inventory:

Hand Weapons
 a - a +1 arbalest of flaming (weapon)
 b - the +12 hand axe of the Omega Point {chop, rC+ Int-5 Dex+3}
   (You found it on level 5 of the Dungeon)

   It inflicts extra damage upon your enemies.
   It affects your intelligence (-5).
   It affects your dexterity (+3).
   It protects you from cold.
 e - a +0 halberd
 i - a +0 spear
 B - a +4 halberd of venom
 H - the +8 hand axe of a bazaar {vamp, Str+4}
   (You found it on level 6 of the Dungeon)

   It inflicts no extra harm, but heals its wielder when it wounds a living foe.
   It affects your strength (+4).
Missiles
 z - 25 poisoned needles
 C - 113 bolts (quivered)
 K - a throwing net
Armour
 d - a +0 robe
 h - a +0 buckler
 s - a cursed +0 pair of gloves (worn)
 t - a scarf of repulsion (worn)
 y - a +2 leather armour of positive energy (worn)
Jewellery
 A - a ring of protection from magic (left hand)
 J - an uncursed ring of ice
Wands
 k - a wand of acid (5)
 u - a wand of scattershot (6)
 x - a wand of digging (8)
 E - a wand of flame (29)
 I - a wand of polymorph (5)
 L - a wand of iceblast (5)
 M - a wand of disintegration (8)
Scrolls
 f - 5 scrolls of teleportation
 g - 8 scrolls of remove curse
 j - a scroll of enchant weapon
 r - 2 scrolls of amnesia
 G - 5 scrolls of identify
 O - a scroll of enchant armour
Potions
 l - a potion of might
 m - 2 potions of brilliance
 n - 2 potions of heal wounds
 o - a potion of haste
 p - 2 potions of degeneration
 q - a potion of mutation
 v - 2 potions of curing
 w - a potion of lignification
 D - 5 potions of flight {unknown}
 F - 2 potions of ambrosia {unknown}
 N - 3 potions of magic
Comestibles
 c - 14 rations
 P - a chunk of flesh


   Skills:
 + Level 3.1 Fighting
 + Level 1.3 Polearms
 + Level 6.5 Crossbows
 + Level 3.3 Armour
 + Level 4.4 Dodging
 + Level 4.5 Stealth
 + Level 12.2 Spellcasting
 + Level 11.2 Conjurations
 + Level 1.7 Evocations


You had 26 spell levels left.
You knew the following spells:

 Your Spells              Type           Power        Failure   Level  Hunger
a - Magic Dart            Conj           ####         1%          1    None
b - Iskenderun's Mystic   Conj           ######..     1%          4    None
c - Dazzling Spray        Conj/Hex       #####.       1%          3    None

Your spell library contained the following spells:

 Spells                   Type           Power        Failure   Level  Hunger
 Throw Frost              Conj/Ice       #####.       1%          2    None
 Searing Ray              Conj           ######       1%          2    None
 Force Lance              Conj/Tloc      #####...     1%          4    None
 Fulminant Prism          Conj/Hex       #####.....   1%          4    None


Dungeon Overview and Level Annotations

Branches:
Dungeon (10/15)            Temple (0/1) D:7
   Lair: D:8-11         Orc: D:9-12

Altars:
Ashenzari
Dithmenos
Elyvilon
Gozag
Hepliaklqana
Kikubaaqudgha
Makhleb
Okawaru
Qazlal
Ru
Trog
Uskayaw
Vehumet
Yredelemnul
The Shining One

Shops:
D:5 (   D:9 !


Innate Abilities, Weirdness & Mutations

You have a pair of small horns on your head.
You passively map a small area around you.


Message History

The deep elf knight mumbles some strange words.
The deep elf knight flickers and vanishes!
Deactivating autopickup; reactivate with Ctrl-A.
You hear a shout!
Some of the chunks of flesh in your inventory have rotted away.
You hear some strange, mumbled words.
You hear some strange, mumbled words.
A shard of ice appears from out of thin air!
The shard of ice hits you!
Ouch! That really hurt!
Evoke which item? (* to show all) (? for menu, Esc to quit)
Aiming: Corrosive Bolt
Press: ? - help, Shift-Dir - straight line Something hits you!
* * * LOW HITPOINT WARNING * * *
You hear some strange, mumbled words.
A shard of ice appears from out of thin air!
The shard of ice hits you!
Ouch! That really hurt!
You die...

.......<........., .......
,
...........#####*###.......
** #########.÷# ##....P....
######†.######....P.P..) ,
,........÷.........P..P.
..............P.P.P.P.,,
######.......÷.P..#*
#.>####.÷....# ,
#.@#####.PP..# .P * *
##..{....PP.P.##+#.. ,
..............P.PP....P * *
#########............P.
#....P.PP.P.P.. ,
#........P.....
#.............. * *
#####..............
,...................


There were no monsters in sight!

Vanquished Creatures
  Erolcha (D:9)
  2 two-headed ogres (D:9)
  Nergalle (D:10)
  Pikel (D:7)
  A moth of wrath (D:7)
  Joseph (D:9)
  Sigmund (D:4)
  Eustachio (D:4)
  Grum (D:8)
  A steam dragon (D:10)
  A water moccasin (D:10)
  A porcupine (D:10)
  3 sky beasts
  3 black bears (D:10)
  2 orc warriors
  2 slaves (D:7)
  An ice beast (D:9)
  A necrophage (D:10)
  5 ogres
  A phantom (D:7)
  4 wolves (D:8)
  A centaur (D:5)
  A bullfrog (D:9)
  2 scorpions
  4 killer bees (D:9)
  3 wights (D:7)
  A howler monkey (D:9)
  5 crimson imps
  2 bullfrog zombies (D:6)
  A centaur zombie (D:5)
  3 hounds
  A jelly (D:6)
  A centaur skeleton (D:9)
  4 orc priests
  A bullfrog skeleton (D:5)
  5 orc wizards
  3 iguanas
  Natasha (twice) (D:2)
  4 worker ants
  A hound zombie (D:5)
  A hound skeleton (D:6)
  11 gnolls
  11 adders
  3 shadow imps
  2 oozes
  2 adder zombies
  2 adder skeletons
  8 worms
  2 dart slugs
  3 leopard geckos
  22 orcs
  3 ball pythons
  11 giant cockroaches
  8 goblins
  6 hobgoblins
  13 jackals
  5 quokkas
  10 bats
  5 frilled lizards
  A jackal skeleton (D:6)
  7 kobolds
  12 rats
228 creatures vanquished.

Vanquished Creatures (others)
  A slave (D:7)
  A bullfrog skeleton (D:7)
2 creatures vanquished.

Grand Total: 230 creatures vanquished

Notes
Turn   | Place    | Note
-------+----------+-------------------------------------------
     0 | D:1      | emperorscorpion the Deep Elf Conjurer began the quest for
                  | the Orb.
     0 | D:1      | Reached XP level 1. HP: 10/10 MP: 6/6
   129 | D:1      | Reached XP level 2. HP: 15/15 MP: 1/8
   360 | D:1      | Reached skill level 5 in Conjurations
   577 | D:1      | Reached XP level 3. HP: 19/19 MP: 5/9
  1204 | D:2      | Noticed Natasha
  1215 | D:2      | Killed Natasha
  1215 | D:2      | Reached XP level 4. HP: 20/24 MP: 1/11
  1443 | D:2      | Found a stormy altar of Qazlal.
  1502 | D:2      | Reached skill level 4 in Spellcasting
  1675 | D:2      | Found a radiant altar of Vehumet.
  1675 | D:2      | Noticed Natasha
  1908 | D:2      | Learned a level 4 spell: Iskenderun's Mystic Blast
  1912 | D:2      | Learned a level 3 spell: Dazzling Spray
  1925 | D:2      | Reached XP level 5. HP: 28/28 MP: 5/13
  2001 | D:2      | Found a hide-covered altar of Uskayaw.
  2270 | D:2      | Found a basalt altar of Yredelemnul.
  2322 | D:2      | Found a white marble altar of Elyvilon.
  2892 | D:3      | Noticed an orc warrior
  3029 | D:3      | Reached skill level 5 in Spellcasting
  3309 | D:3      | Killed an orc warrior
  3309 | D:3      | Reached XP level 6. HP: 32/32 MP: 1/16
  4031 | D:3      | Found a faded altar of an unknown god.
  4133 | D:2      | Killed Natasha
  4133 | D:2      | Reached skill level 6 in Spellcasting
  4146 | D:2      | Became a worshipper of Vehumet
  4569 | D:4      | Found a glowing drain.
  4569 | D:4      | Noticed Eustachio
  4573 | D:4      | Killed Eustachio
  4573 | D:4      | Reached XP level 7. HP: 36/36 MP: 1/19
  4716 | D:4      | Reached skill level 7 in Spellcasting
  5530 | D:4      | Reached skill level 8 in Spellcasting
  5591 | D:4      | Found a burning altar of Makhleb.
  5594 | D:4      | Reached * piety under Vehumet
  5594 | D:4      | Offered knowledge of Sting by Vehumet.
  5594 | D:4      | Reached XP level 8. HP: 42/42 MP: 8/22
  5708 | D:4      | Found an opulent altar of Gozag.
  6103 | D:4      | Noticed Sigmund
  6112 | D:4      | Killed Sigmund
  6112 | D:4      | Reached skill level 1 in Polearms
  6215 | D:5      | Entered Level 5 of the Dungeon
  6241 | D:5      | Found a sacrificial altar of Ru.
  6646 | D:5      | Found a transporter.
  6682 | D:5      | Reached skill level 1 in Armour
  7193 | D:5      | Reached skill level 1 in Fighting
  7243 | D:5      | Reached skill level 9 in Spellcasting
  7471 | D:5      | Found a transporter.
  7571 | D:5      | Found Nodeir's Antique Weapon Emporium.
  7600 | D:5      | Bought a runed arbalest for 195 gold pieces
  7735 | D:5      | Got an ichor-stained hand axe
  7736 | D:5      | Identified the +12 hand axe of the Omega Point {chop, rC+
                  | Int-5 Dex+3} (You found it on level 5 of the Dungeon)
  7934 | D:6      | Found an iron altar of Okawaru.
  7958 | D:6      | Got a polished spear
  7961 | D:6      | Identified the cursed +0 spear "Fyr Pot" {vamp, rF+} (You
                  | found it on level 6 of the Dungeon)
  8238 | D:6      | Got a crystal hand axe
  8239 | D:6      | Identified the +8 hand axe of a bazaar {vamp, Str+4} (You
                  | found it on level 6 of the Dungeon)
  9435 | D:7      | Noticed Pikel
  9442 | D:7      | Killed Pikel
  9442 | D:7      | Reached XP level 9. HP: 47/47 MP: 11/24
  9676 | D:7      | Noticed a moth of wrath
 10131 | D:7      | Found a glowing golden altar of the Shining One.
 10151 | D:7      | Found a staircase to the Ecumenical Temple.
 10219 | D:7      | Offered knowledge of Sandblast by Vehumet.
 10384 | D:7      | Reached ** piety under Vehumet
 10465 | D:7      | Found a bloodstained altar of Trog.
 10485 | D:7      | Killed a moth of wrath
 10485 | D:7      | Reached skill level 10 in Spellcasting
 10644 | D:8      | Found a shadowy altar of Dithmenos.
 11216 | D:8      | Reached skill level 5 in Crossbows
 11230 | D:8      | Noticed Grum
 11233 | D:8      | Killed Grum
 11709 | D:8      | Found a shattered altar of Ashenzari.
 11751 | D:9      | Noticed Joseph
 11756 | D:9      | Killed Joseph
 11756 | D:9      | Reached XP level 10. HP: 54/54 MP: 10/26
 11848 | D:9      | Noticed Erolcha
 11851 | D:9      | Killed Erolcha
 11851 | D:9      | Reached skill level 10 in Conjurations
 11851 | D:9      | Reached skill level 1 in Evocations
 11993 | D:9      | Noticed a two-headed ogre
 11999 | D:9      | Gained mutation: You have a pair of small horns on your
                  | head. [potion of mutation]
 11999 | D:9      | Gained mutation: You passively map a small area around you.
                  | [potion of mutation]
 12002 | D:9      | Reached skill level 11 in Spellcasting
 12008 | D:9      | Killed a two-headed ogre
 12011 | D:9      | Offered knowledge of Throw Frost by Vehumet.
 12013 | D:9      | Noticed a two-headed ogre
 12017 | D:9      | Killed a two-headed ogre
 12238 | D:9      | Found an ancient bone altar of Kikubaaqudgha.
 12254 | D:9      | Found an ancient bone altar of Kikubaaqudgha.
 12295 | D:9      | Found a hazy altar of Hepliaklqana.
 12448 | D:9      | Found Lagikkusm's Distillery.
 12456 | D:9      | Bought a potion of magic for 136 gold pieces
 12658 | D:10     | Entered Level 10 of the Dungeon
 12661 | D:10     | Noticed Nergalle
 12671 | D:10     | Killed Nergalle
 12671 | D:10     | Reached skill level 12 in Spellcasting
 12893 | D:10     | Reached XP level 11. HP: 60/60 MP: 20/29
 13037 | D:10     | Reached *** piety under Vehumet
 13095 | D:10     | Noticed a deep elf knight
 13114 | D:10     | Killed from afar by a deep elf knight

Vault maps used:
D:1:      sevenhm_arrival_forest_fort_large_4, chequers_hall_statues_y,
          minivault_26, st_stairs_14, minmay_curled_crystal,
          minmay_parallelograms, minmay_misc_feat_secret_circle
D:2:      kennysheep_ying_yang, lemuel_doored_altar,
          nicolae_overflow_hidden_temple, nicolae_qazlal_general_emergency,
          uniq_natasha
D:3:      chequers_ecumenical_altar_twisty, roderic_serpentine_path
D:4:      makhleb_blood_cavern_becter, kennysheep_mini_moat,
          portal_sewer_entry_a, uniq_sigmund, uniq_eustachio
D:5:      gammafunk_wand_slinger, nicolae_ru_sacrificial_ziggurat, serial_shops,
          shop, first_ration
D:6:      okawaru_ov_weapons_minmay
D:7:      tgw_trog, minmay_temple_entry_junction_2, grunt_ogre_cave, tso_altar,
          uniq_pikel
D:8:      marbit_many_paths, nicolae_dithmenos_the_darkroom,
          minmay_misc_feat_diagonals, uniq_grum
D:9:      nicolae_overflow_crystal_walls, kennysheep_mini, basic_altar,
          serial_shops, shop, nicolae_wwwww, uniq_joseph, uniq_erolcha
D:10:     grunt_lair_entry_orc_guard_hut, sword_in_stone, uniq_nergalle,
          uniq_gastronok

Skill      XL: |  1  2  3  4  5  6  7  8  9 10 |
---------------+-------------------------------+-----
Conjurations   | 5 6 7 8 9 11 | 11.2
Spellcasting   | 4 5 6 8 9 10 12 | 12.2
Stealth        | 3 4 |  4.5
Polearms       | 1 |  1.3
Dodging        | 3 4 |  4.4
Armour         | 2 3 |  3.3
Fighting       | 1 2 3 |  3.1
Crossbows      | 2 5 6 |  6.5
Evocations     | 1 |  1.7

Action                   |  1- 3 |  4- 6 |  7- 9 | 10-12 || total
-------------------------+-------+-------+-------+-------++-------
Melee: Spear             |       |     6 |       |       ||     6
       Halberd           |       |       |    15 |       ||    15
 Fire: Arbalest          |       |       |    72 |    29 ||   101
 Cast: Magic Dart        |    54 |   160 |    78 |       ||   292
       Iskenderun's Myst |       |    11 |   111 |    40 ||   162
Evoke: Wand              |       |     1 |     3 |     7 ||    11
  Use: Scroll            |       |       |    13 |       ||    13
       Potion            |       |       |       |     6 ||     6
  Eat: Chunk             |       |    12 |    23 |     6 ||    41
       Ration            |       |       |     1 |       ||     1
Armor: Robe              |     1 |       |     1 |       ||     2
       Leather armour    |       |       |    12 |     6 ||    18
       Skin              |       |       |       |     9 ||     9
Dodge: Dodged            |     3 |    10 |    51 |     7 ||    71
       Deflected         |       |       |     5 |       ||     5

Table legend:
 A = Non-vault XP
 B = Vault XP
 C = Vault XP percentage of total XP
 D = Non-vault monster count
 E = Vault monster count
 F = Vault count percentage of total count
                 A         B        C        D         E       F
            +---------+---------+-------+---------+---------+-------
      Total |    6204 |    5332 |  46.2 |     193 |      33 |  14.6
            +---------+---------+-------+---------+---------+-------
        D:1 |      55 |       3 |   5.2 |      21 |       2 |   8.7
        D:2 |     153 |      35 |  18.6 |      26 |       1 |   3.7
        D:3 |     361 |       0 |   0.0 |      41 |       0 |   0.0
        D:4 |     595 |     486 |  45.0 |      23 |       7 |  23.3
        D:5 |     610 |      63 |   9.4 |      23 |       3 |  11.5
        D:6 |     286 |       0 |   0.0 |      14 |       0 |   0.0
        D:7 |     412 |    1245 |  75.1 |      10 |       8 |  44.4
        D:8 |     556 |     657 |  54.2 |      13 |       5 |  27.8
        D:9 |    2675 |    1493 |  35.8 |      18 |       2 |  10.0
       D:10 |     501 |    1350 |  72.9 |       4 |       5 |  55.6
            +---------+---------+-------+---------+---------+-------
